 Dungeon Crawl Stone Soup version 0.31-a0-995-g04711c9635 (webtiles) character file.

Game seed: 2774171906276521233

223 night the Ruffian (level 6, 0/39 HPs)
             Began as an Octopode Shapeshifter on Nov 6, 2023.
             Was an Initiate of Nemelex Xobeh.
             Slain by a goblin
             ... wielding a +0 club
             ... led by Robin
              (1 damage)
             ... on level 4 of the Dungeon.
             The game lasted 00:06:04 (2459 turns).

night the Ruffian (Octopode Shapeshifter)           Turns: 2459, Time: 00:06:05

Health: 0/39       AC:  1    Str: 14    XL:     6   Next: 0%
Magic:  15/15      EV: 12    Int: 14    God:    Nemelex Xobeh [......]
Gold:   126        SH:  3    Dex: 11    Spells: 5/5 levels left

rFire   + . .        r - +8 mace of the Middle {freeze, *Corrode rElec rF+ MP+9}
rCold   . . .        g - +0 buckler
rNeg    . . .        (helmet currently unavailable)
rPois   +            (no amulet)
rElec   +            f - ring of poison resistance
rCorr   .            (no ring)
SInv    .            (no ring)
Will    .....        (no ring)
Stlth   +++          (no ring)
HPRegen 0.26/turn    (no ring)
MPRegen 0.14/turn    (no ring)
                     (no ring)

%: corrode self (3%)
@: beast-form
A: beast (slay +2), almost no armour, amphibious, 8 rings, camouflage 1,
gelatinous body 1, (nimble swimmer 1), tentacles
a: Begin Untransformation, Renounce Religion, Draw Escape, Draw Destruction,
Draw Summoning


You were on level 4 of the Dungeon.
You worshipped Nemelex Xobeh.
Nemelex Xobeh was noncommittal.
You were a hulking beast.
You visited 1 branch of the dungeon, and saw 4 of its levels.

You collected 126 gold pieces.

Inventory:

Hand Weapons
 r - the +8 mace of the Middle (weapon) {freeze, *Corrode rElec rF+ MP+9}
   (You found it on level 3 of the Dungeon)

   rF+:       It protects you from fire.
   rElec:     It insulates you from electricity.
   MP+9:      It affects your magic capacity (+9).
   *Corrode:  It may corrode you when you take damage.
Missiles
 d - 41 stones
 j - 3 boomerangs
Armour
 g - a +0 buckler (worn)
Jewellery
 f - a ring of poison resistance (left tentacle)
Talismans
 b - a beast talisman
 c - a flux talisman
Scrolls
 l - a scroll of identify
 m - a scroll of enchant weapon
 o - a scroll of revelation {unknown}
 p - a scroll of amnesia {unknown}
 q - a scroll of teleportation {unknown}
Potions
 a - a potion of lignification
 e - 2 potions of resistance {unknown}
 i - 2 potions of might {unknown}
 k - a potion of heal wounds {unknown}
 n - 3 potions of ambrosia {unknown}


   Skills:
 + Level 2.3 Fighting
 - Level 2.0 Dodging
 + Level 3.0 Stealth
 * Level 4.5 Unarmed Combat
 + Level 1.7 Hexes
 + Level 0.3 Invocations
 + Level 3.5 Shapeshifting


You had 5 spell levels left.
You didn't know any spells.
Your spell library contained the following spells:

 Spells                   Type           Power      Damage    Failure   Level
 Tukima's Dance           Hex            4%         N/A       50%         3
 Inner Flame              Hex/Fire       2%         N/A       63%         3
 Passage of Golubria      Tloc           0%         N/A       98%         4
 Yara's Violent Unravell  Hex/Tmut       1%         3d3       100%        5
 Enfeeble                 Hex            2%         N/A       100%        7


Dungeon Overview and Level Annotations

Branches:
Dungeon (4/15)
 Temple: D:4-7

Altars:
Nemelex Xobeh

Annotations:
D:4 Robin


Innate Abilities, Weirdness & Mutations

You are a hulking beast.
Your limbs bulge with bestial killing power. (Slay +2)
You cannot wear most types of armour.
You are amphibious.
You can wear up to eight rings at the same time.
Your skin changes colour to match your surroundings (Stealth+).
Your rubbery body absorbs attacks. (AC +1, EV +1)
((You are camouflaged when in or above water. (Stealth+)))
You have tentacles for arms and can constrict up to eight enemies at once.


Message History

You sock the goblin! You freeze the goblin.
You kill the goblin!
You hear a shout!
A hobgoblin comes into view.
Robin throws the goblin at you!
A goblin comes into view. It is wielding a +0 dagger.
The goblin hits you with a +0 dagger.
Robin says, "Duck!"
Robin roars a battlecry!
The goblins go into a battle-frenzy!
The goblin closely misses you.
A goblin comes into view. It is wielding a +1 dagger of flaming.
You completely miss the goblin.
The goblin shouts!
Your grab misses the goblin. The goblin hits you with a +0 dagger.
You miss the goblin. Your grab misses the goblin. You squeeze the goblin.
You kill the goblin!
The goblin hits you with a +0 club. Robin throws the goblin at you!
You sock the goblin! You freeze the goblin.
You kill the goblin!
The goblin hits you with a +1 dagger of flaming.
The goblin burns you. You block the goblin's attack.
Robin throws the goblin at you!
You hit the goblin. You freeze the goblin.
You kill the goblin!
The goblin hits you with a +0 dagger. x2; You block the goblin's attack.
Robin throws the goblin at you! The goblin barely misses you.
You have reached level 6!
The air fills with toxic fumes!
As you read the scroll of poison, it crumbles to dust.
The goblin hits you with a +0 club.
* * * LOW HITPOINT WARNING * * *
You block the goblin's attack. You block the hobgoblin's attack.
The goblin hits you with a +0 club.
* * * LOW HITPOINT WARNING * * *
The goblin hits you with a +0 club.
* * * LOW HITPOINT WARNING * * *
The goblin hits you with a +0 club.
You die...
Your body disappears without a glow.

#.........#
##+##.#####..
#..#.###..#
##...#........
#.........#
##§§§§§######.#
##.#...##.###§§§§§§§##
#.##...#§##§§§§§§§§§#
.........§§§§§§§§§§§+
##.##...#.##§§§§§§§§§#
#........###§§§§§§§##
####.#### ##§hgg§## #.
##gg.## # ##§## #g#
#g# #§# g§§ §§§ §§§


You could see 2 hobgoblins and 4 goblins.

Vanquished Creatures
  3 sleepcaps (D:3)
  An iguana (D:4)
  3 gnolls (D:3)
  An adder (D:2)
  A worm (D:3)
  3 dart slugs
  4 ball pythons
  6 endoplasms
  5 giant cockroaches
  6 goblins
  7 hobgoblins
  8 jackals
  5 bats
  A frilled lizard (D:1)
  8 kobolds
  8 rats
70 creatures vanquished.

Notes
Turn   | Place    | Note
-------+----------+-------------------------------------------
     0 | D:1      | night the Octopode Shapeshifter began the quest for the
                  | Orb.
     0 | D:1      | Reached XP level 1. HP: 13/13 MP: 1/1
   141 | D:1      | Reached XP level 2. HP: 16/18 MP: 2/2
   148 | D:1      | Reached skill level 1 in Stealth
   338 | D:1      | Reached XP level 3. HP: 23/23 MP: 3/3
  1283 | D:2      | Found a faded altar of an unknown god.
  1440 | D:3      | Reached XP level 4. HP: 25/28 MP: 4/4
  1448 | D:3      | Reached skill level 1 in Hexes
  1546 | D:3      | Reached skill level 4 in Unarmed Combat
  1640 | D:3      | Reached skill level 2 in Stealth
  1801 | D:3      | Reached skill level 2 in Fighting
  1801 | D:3      | Reached XP level 5. HP: 34/34 MP: 5/5
  1957 | D:3      | Found a sparkling altar of Nemelex Xobeh.
  2000 | D:3      | Became a worshipper of Nemelex Xobeh the Trickster
  2172 | D:3      | Identified the +8 mace of the Middle {freeze, *Corrode
                  | rElec rF+ MP+9}
  2452 | D:4      | Noticed Robin
  2458 | D:4      | Reached XP level 6. HP: 12/39 MP: 6/6
  2458 | D:4      | HP: 4/39 [goblin/+0 club[Robin] (6)]
  2459 | D:4      | HP: 1/39 [goblin/+0 club[Robin] (3)]
  2459 | D:4      | Slain by a goblin

Illustrated notes

Levels and vault maps discovered:
D:1:      ldierk_walled_garden, layout_loops_ring
D:2:      layout_basic, shapermc_ecumenical_altar_hornbeckon, st_stairs_12
D:3:      layout_basic, mainiacjoe_overflow_six_doors_small, hellmonk_no_cap
D:4:      layout_loops_corners, zin_statuary, elyvilon_altar_5,
          solitary_fountain, uniq_sigmund, uniq_robin, uniq_edmund

Skill      XL: |  1  2  3  4  5 |
---------------+----------------+-----
Stealth        | 1 2 3 |  3.0
Hexes          | 1 |  1.7
Unarmed Combat | 4 |  4.5
Fighting       | 2 |  2.3
Dodging        | |  2.0
Invocations    | |  0.3
Shapeshifting  | |  3.5

Action                     |  1- 3 |  4- 6 || total
---------------------------+-------+-------++-------
  Melee: Unarmed           |    70 |    59 ||   129
         Constrict         |    16 |    19 ||    35
         Tentacles         |    10 |    14 ||    24
         Punch             |     1 |       ||     1
         Mace              |       |     8 ||     8
    Use: Scroll            |     1 |     2 ||     3
   Stab: Sleeping          |    10 |     2 ||    12
 Armour: Skin              |    20 |    36 ||    56
  Dodge: Dodged            |    38 |    35 ||    73
  Block: Buckler           |     6 |    15 ||    21

Table legend: (Time is in decaauts)
 A = Elapsed time spent in this place.
 B = Non-inter-level travel time spent in this place.
 C = Inter-level travel time spent in this place.
 D = Time resting spent in this place.
 E = Time spent auto-exploring this place.
 F = Levels seen in this place.
 G = Mean time per level.
                   A        B        C        D        E       F      G
               +--------+--------+--------+--------+--------+-----+--------+
         Total |   2458 |   2359 |     99 |    193 |   1588 |   4 |  614.5 |
       Dungeon |   2458 |   2359 |     99 |    193 |   1588 |   4 |  614.5 |
               +--------+--------+--------+--------+--------+-----+--------+

Top non-repeatable levels by time:
     D:3: 982 daAuts
     D:1: 727 daAuts
     D:2: 664 daAuts
     D:4: 85 daAuts
